 Dungeon Crawl Stone Soup version 0.18.1-48-g4cf74bf (webtiles) character file.

799 TuxedoFelix the Covered (level 7, 0/63 (64) HPs)
             Began as a Minotaur Berserker on July 16, 2016.
             Was an Elder of Trog.
             Slain by an orc warrior
             ... wielding a +0 glaive
              (25 damage)
             ... on level 6 of the Dungeon.
             The game lasted 00:28:55 (5005 turns).

TuxedoFelix the Covered (Minotaur Berserker)        Turns: 5005, Time: 00:28:56

HP:   0/63 (64)     AC: 11    Str: 23    XL:     7   Next: 59%
MP:   6/6           EV:  9    Int:  4    God:    Trog [****..]
Gold: 177           SH:  0    Dex: 10    Spells: 0 memorised, 6 levels left

rFire  . . .     SeeInvis .     a - +0 hand axe
rCold  . . .     Gourm    .     d - +0 chain mail
rNeg   . . .     Faith    .     (no shield)
rPois  .         Spirit   .     (helmet restricted)
rElec  .         Dismiss  .     (no cloak)
rCorr  .         Reflect  .     (no gloves)
SustAt +         Harm     .     g - +0 pair of boots
MR     .....                    (no amulet)
Stlth  ..........               v - ring of stealth
                                n - ring of sustain attributes

@: not resistant to hostile enchantments, extremely unstealthy
A: retaliatory headbutt, horns 2
a: Berserk, Trog's Hand, Brothers in Arms, Burn Spellbooks, Renounce Religion


You were on level 6 of the Dungeon.
You worshipped Trog.
Trog was greatly pleased with you.
You were not hungry.

You visited 1 branch of the dungeon, and saw 6 of its levels.

You collected 314 gold pieces.
You spent 137 gold pieces at shops.

Inventory:

Hand Weapons
 a - a +0 hand axe (weapon)
 s - a +0 hunting sling
 A - a +0 war axe of venom
Missiles
 e - 16 poisoned needles
 h - 84 bolts
 r - 41 sling bullets (quivered)
Armour
 d - a +0 chain mail (worn)
 g - a +0 pair of boots (worn)
Jewellery
 n - a ring of sustain attributes (left hand)
 v - a ring of stealth (right hand)
 x - an uncursed ring of resist corrosion
 z - a cursed ring of loudness {unknown}
Scrolls
 f - a scroll of fog {unknown}
 l - a scroll of identify
 t - a scroll of fear {unknown}
 w - a scroll of immolation {unknown}
 y - a scroll of enchant armour {unknown}
 B - a scroll of enchant weapon {unknown}
 C - a scroll of magic mapping {unknown}
 D - 3 scrolls of remove curse
 F - a scroll of random uselessness {unknown}
Potions
 b - 2 potions of mutation
 c - 3 potions of curing {unknown}
 j - 3 potions of might {unknown}
 k - 4 potions of degeneration {unknown}
 m - 2 potions of brilliance {unknown}
 o - a potion of heal wounds {unknown}
 E - a potion of magic {unknown}
 G - a potion of haste
 I - a potion of lignification {unknown}
Books
 H - a book of Callings

   Spells                             Type                      Level
   a - Summon Small Mammal            Summoning                    1
   b - Call Imp                       Summoning                    2
   c - Call Canine Familiar           Summoning                    3
   d - Summon Guardian Golem          Hexes/Summoning              3
   e - Summon Lightning Spire         Summoning/Air                4
   f - Summon Ice Beast               Ice/Summoning                4
   Trog disapproves of the use of such an item.
Miscellaneous
 p - a plain deck of summoning
Comestibles
 i - a meat ration
 u - 2 bread rations


   Skills:
 + Level 6.3 Fighting
 + Level 5.7 Axes
 + Level 6.6 Armour
 + Level 4.3 Dodging
 + Level 0.1 Stealth


You had 6 spell levels left.
You didn't know any spells.

Dungeon Overview and Level Annotations

Branches:
Dungeon (7/15)             Temple (0/1) D:7

Altars:
Dithmenos
Fedhas
Nemelex Xobeh
Xom

Shops:
D:4 !   D:6 !


Innate Abilities, Weirdness & Mutations

You reflexively headbutt those who attack you in melee.
You have a pair of horns on your head.


Message History

The orc warrior closely misses you.
An orc warrior comes into view. It is wielding a long sword.
The orc warrior hits you with a glaive!!
The orc shouts!
You hear a shout!
You hit the orc warrior but do no damage.
Your headbutt misses the orc warrior.
You hear a shout!
The orc hits you but does no damage. The orc warrior hits you with a glaive!
You barely miss the orc warrior. The orc hits you but does no damage.
The orc warrior hits you but does no damage.
You completely miss the orc warrior. The orc closely misses you.
An orc comes into view. It is wielding a whip.
You hit the orc warrior but do no damage.
The orc warrior hits you with a glaive.
The orc hits you from afar with a trident.
You closely miss the orc warrior. You headbutt the orc warrior.
The orc warrior is lightly wounded.
The orc hits you from afar with a trident.
The orc warrior hits you with a glaive!!
You die...

....#
#.....P....#
....#
#....≈≈....#
....#
#.#..PP..#. ##
....#
#.......+# ..#
###.# #...⌠..##
#..#
#.......###...#
##.......#..#
## #####
#.####....# #.
..%###. ##@###
#. ... .. #o#
#. #.####


#oo .. #.# #o.. ..####.# #..## #...oZ.# ...# ...##### #..# ...# #..# .†.# You
could see 2 orc warriors and 2 orcs.

Vanquished Creatures
  The ghost of Zapata the Cleaver, an amateur MiBe of Trog (D:4)
  A necrophage (D:7)
  A howler monkey (D:4)
  A crimson imp (D:7)
  2 hounds
  An orc priest (D:4)
  2 orc wizards
  3 worker ants (D:4)
  9 adders
  2 oozes
  5 worms
  A dart slug (D:2)
  10 giant geckos
  11 orcs
  A ball python (D:1)
  3 giant cockroaches
  10 goblins
  5 hobgoblins
  3 quokkas
  12 bats
  3 giant newts
  A jackal skeleton (D:7)
  11 kobolds
  9 rats
108 creatures vanquished.

Notes
Turn   | Place    | Note
--------------------------------------------------------------
     0 | D:1      | TuxedoFelix the Minotaur Berserker began the quest for the Orb.
     0 | D:1      | Reached XP level 1. HP: 19/19 MP: 0/0
   128 | D:1      | Reached XP level 2. HP: 27/27 MP: 1/1
   554 | D:1      | Reached ** piety under Trog
   631 | D:1      | Reached XP level 3. HP: 33/33 MP: 2/2
  1188 | D:2      | Found a sparkling altar of Nemelex Xobeh.
  1560 | D:2      | Reached XP level 4. HP: 39/41 MP: 3/3
  1720 | D:2      | Reached *** piety under Trog
  2403 | D:3      | Found a shadowy altar of Dithmenos.
  2412 | D:3      | Reached skill level 5 in Fighting
  2564 | D:3      | Reached XP level 5. HP: 42/48 MP: 4/4
  2614 | D:3      | Found a faded altar to an unknown god.
  3112 | D:4      | Found a blossoming altar of Fedhas.
  3341 | D:4      | Reached skill level 5 in Axes
  3341 | D:4      | Reached XP level 6. HP: 32/56 MP: 5/5
  3530 | D:4      | Found Maculeh's Distillery.
  3546 | D:4      | Bought a potion of haste for 110 gold pieces
  3546 | D:4      | Bought a potion of mutation for 27 gold pieces
  3730 | D:4      | Reached skill level 5 in Armour
  3928 | D:4      | Noticed Zapata's ghost (amateur MiBe)
  3944 | D:4      | Killed Zapata's ghost
  3944 | D:4      | Reached XP level 7. HP: 26/63 MP: 6/6
  4238 | D:4      | You fall through a shaft for 3 floors!
  4275 | D:7      | Found a shimmering altar of Xom.
  4275 | D:7      | Found a shimmering altar of Xom.
  4276 | D:7      | Found a shimmering altar of Xom.
  4276 | D:7      | Found a shimmering altar of Xom.
  4276 | D:7      | Found a shimmering altar of Xom.
  4276 | D:7      | Found a shimmering altar of Xom.
  4281 | D:7      | Found a shimmering altar of Xom.
  4281 | D:7      | Found a shimmering altar of Xom.
  4420 | D:7      | Reached **** piety under Trog
  4427 | D:7      | Found a staircase to the Ecumenical Temple.
  4536 | D:6      | Found Kiut's Distillery.
  5005 | D:6      | Slain by an orc warrior

Skill      XL: |  1  2  3  4  5  6  7 |
---------------+----------------------+-----
Fighting       | 4 5 6 |  6.3
Axes           | 4 5 |  5.7
Armour         | 3 4 5 6 |  6.6
Dodging        | 3 4 |  4.3
Stealth        | |  0.1

Action                   |  1- 3 |  4- 6 |  7- 9 || total
-------------------------+-------+-------+-------++-------
Melee: Hand axe          |    88 |   179 |    50 ||   317
       Headbutt          |    12 |    38 |    10 ||    60
  Use: Scroll            |       |     3 |     2 ||     5
  Eat: Bread ration      |     1 |       |       ||     1
       Meat ration       |       |     1 |     1 ||     2
       Beef jerky        |       |     1 |       ||     1
Armor: Chain mail        |    67 |    87 |    23 ||   177
       Animal skin       |     1 |       |       ||     1
Dodge: Dodged            |    64 |    90 |    24 ||   178
